Map: Lerilak Crest

Players

FireCake - Winner!

  • Race: Zerg Zerg
  • League: Master

Serral

  • Race: Zerg Zerg
  • League: Grandmaster

Event: 2016 WCS Winter Circuit Championship

VOD

Have the link to the VOD?

Description

Time

  • Played on: March 2, 2016, 7:29 a.m.
  • Length: 13:19

All games in this series

Show
View Real Time Build Order
Export as new Build Order

FireCake Zerg - Winner!

Build Orders: Hatch First, Muta Ling Bane 

Get SALT Encoding   

  12  0:01  Drone  
  13  0:08  Drone  
  14  0:16  Overlord  
  14  0:21  Extractor  
  14  0:22  Drone  
  15  0:34  Drone x2  
  17  0:51  Hatchery  
  17  0:54  Drone  
  17  0:58  Drone  
  18  1:09  Extractor  
  17  1:13  Spawning Pool  
  17  1:15  Drone  
  17  1:18  Drone  
  18  1:26  Drone  
  19  1:38  Overlord  
  19  1:48  Drone  
  20  1:59  Drone  
  20  2:00  Queen  
  23  2:03  Queen, Zergling x2  
  26  2:09  Metabolic Boost  
  26  2:10  Drone  
  28  2:15  Drone  
  28  2:21  Drone  
  29  2:28  Baneling Nest  
  28  2:30  Drone  
  28  2:32  Drone  
  30  2:39  Drone  
  30  2:42  Zergling x2  
  32  2:47  Overlord  
  32  3:00  Spine Crawler  
  32  3:04  Zergling x2  
  32  3:05  Zergling x4  
  33  3:11  Spine Crawler  
  33  3:12  Baneling x2  
  32  3:14  Zergling x2  
  32  3:15  Zergling x12  
  38  3:21  Zergling x2  
  38  3:25  Baneling x2  
  37  3:36  Drone x3  
  39  3:46  Lair  
  39  3:48  Drone x2  
  42  3:57  Drone  
  42  3:58  Drone  
  44  4:05  Extractor  
  42  4:10  Drone  
  42  4:13  Overlord x2  
  43  4:17  Spine Crawler  
  42  4:26  Drone x2  
  44  4:37  Drone  
  40  4:39  Drone x5  
  45  4:52  Drone x8  
  53  4:54  Extractor, Spire  
  53  4:55  Extractor  
  50  5:03  Hatchery  
  50  5:04  Drone  
  49  5:10  Overlord  
  49  5:16  Drone  
  50  5:22  Queen  
  50  5:24  Drone x3  
  54  5:31  Drone  
  54  5:32  Drone  
  55  5:47  Zergling x2  
  55  5:48  Zergling x10  
  61  6:05  Mutalisk x3  
  67  6:12  Overlord  
  67  6:17  Mutalisk  
  67  6:18  Mutalisk x2  
  69  6:21  Zerg Flyer Weapons Level 1, Overlord  
  69  6:22  Overlord  
  73  6:27  Extractor  
  73  6:29  Extractor  
  73  6:31  Drone x2  
  73  6:32  Drone x7  
  80  6:43  Drone x3  
  83  6:49  Evolution Chamber, Drone  
  83  6:55  Drone x2  
  85  7:02  Drone x3  
  85  7:05  Drone  
  85  7:06  Drone x8  
  97  7:09  Centrifical Hooks  
  97  7:13  Overlord  
  97  7:14  Overlord  
  97  7:18  Zerg Melee Weapons Level 1  
  97  7:23  Hatchery  
  96  7:31  Mutalisk x4  
  96  7:35  Overlord  
  96  7:36  Overlord  
  104  7:48  Zergling x12  
  104  7:49  Zergling x6  
  113  7:53  Hydralisk Den  
  112  8:01  Mutalisk x4  
  120  8:10  Overlord x4  
  120  8:11  Extractor  
  118  8:13  Hatchery, Extractor  
  118  8:18  Zerg Flyer Weapons Level 2  
  116  8:20  Drone x3  
  116  8:22  Overlord  
  119  8:30  Mutalisk x4  
  127  8:39  Zergling x14  
  134  8:43  Zergling x6  
  134  8:47  Zergling x8  
  141  8:57  Overlord x2  
  141  8:59  Mutalisk  
  141  9:00  Mutalisk x2  
  147  9:07  Lurker Den  
  147  9:12  Zergling x6  
  147  9:13  Zergling x12  
  147  9:15  Baneling x4  
  147  9:16  Baneling x2  
  156  9:17  Baneling x2  
  156  9:29  Mutalisk  
  156  9:30  Mutalisk x5  
  168  9:32  Zergling x2  
  168  9:33  Zergling x2  
  170  9:40  Baneling  
  170  9:41  Baneling x10  
  170  9:42  Zergling x6  
  173  9:58  Mutalisk x3  
  179  10:03  Overlord x2  
  179  10:14  Overlord x2  
  179  10:15  Baneling x12  
  179  10:16  Baneling x4  
  179  10:22  Zergling x16  
  179  10:23  Zergling x4  
  154  10:42  Mutalisk  
Show
View Real Time Build Order
Export as new Build Order

Serral Zerg 

Build Orders: Pool First 

Get SALT Encoding   

  12  0:00  Drone  
  13  0:12  Overlord  
  13  0:16  Drone  
  14  0:31  Drone x2  
  14  0:35  Drone  
  17  0:39  Extractor  
  16  0:45  Spawning Pool  
  15  0:50  Drone  
  15  0:56  Drone  
  17  1:07  Drone  
  18  1:20  Hatchery  
  17  1:32  Queen  
  17  1:38  Metabolic Boost  
  19  1:42  Drone  
  20  1:49  Overlord  
  20  1:53  Drone  
  21  2:00  Baneling Nest  
  20  2:04  Zergling x2  
  21  2:10  Zergling x2  
  22  2:16  Zergling x2  
  23  2:24  Queen  
  23  2:26  Zergling x2  
  26  2:32  Zergling x2  
  27  2:39  Zergling x2  
  27  2:41  Zergling x2  
  27  2:42  Zergling x4  
  31  2:53  Drone x2  
  31  2:56  Drone  
  34  3:01  Baneling x4  
  34  3:05  Overlord  
  34  3:07  Drone  
  34  3:10  Drone  
  36  3:25  Overlord  
  36  3:26  Drone x3  
  37  3:38  Zergling x4  
  37  3:40  Zergling x2  
  37  3:41  Zergling x6  
  39  3:47  Zergling x2  
  40  3:51  Zergling x2  
  40  3:54  Drone x2  
  43  3:56  Baneling  
  43  3:57  Baneling x2  
  43  4:00  Drone  
  44  4:03  Drone  
  44  4:09  Drone  
  46  4:16  Drone x4  
  50  4:23  Hatchery  
  49  4:27  Overlord  
  49  4:28  Drone  
  43  4:41  Roach Warren, Extractor, Drone x4  
  45  4:47  Lair  
  45  4:51  Extractor  
  43  4:54  Drone x2  
  43  4:55  Drone x2  
  43  4:57  Overlord  
  46  5:02  Drone x2  
  47  5:10  Overlord  
  47  5:12  Drone  
  48  5:17  Queen  
  51  5:21  Drone x3  
  51  5:22  Drone  
  51  5:23  Evolution Chamber  
  51  5:26  Drone x2, Extractor  
  53  5:35  Queen  
  53  5:37  Drone x2  
  53  5:38  Drone  
  53  5:42  Zergling x2  
  59  5:46  Overseer, Drone x4  
  63  5:51  Zerg Missile Weapons Level 1  
  63  5:55  Queen  
  65  6:00  Queen  
  65  6:03  Spore Crawler  
  66  6:07  Spore Crawler  
  66  6:08  Drone  
  66  6:11  Spore Crawler x2  
  64  6:12  Drone  
  64  6:13  Baneling  
  64  6:14  Baneling  
  64  6:15  Drone  
  64  6:17  Drone  
  67  6:20  Drone  
  67  6:22  Spore Crawler  
  67  6:26  Drone x4  
  67  6:31  Overlord  
  67  6:32  Hydralisk Den  
  70  6:39  Queen x2  
  74  6:43  Drone x3  
  77  6:47  Overlord  
  77  6:48  Overlord  
  77  6:51  Overlord  
  77  6:57  Drone x2  
  77  6:58  Extractor, Drone x2  
  77  6:59  Extractor  
  81  7:01  Drone x3  
  81  7:02  Overseer  
  81  7:06  Muscular Augments  
  82  7:11  Drone x2  
  82  7:12  Drone x2  
  86  7:19  Overlord x2  
  86  7:38  Hydralisk x9  
  86  7:42  Infestation Pit  
  103  7:47  Zerg Missile Weapons Level 2  
  103  7:48  Overlord  
  103  7:51  Overlord  
  103  7:57  Hydralisk  
  103  7:58  Hydralisk x3  
  108  8:01  Pneumatized Carapace  
  108  8:02  Overseer  
  108  8:03  Nydus Network  
  111  8:06  Overseer  
  111  8:07  Hydralisk  
  111  8:08  Hydralisk x2  
  117  8:16  Queen x2  
  121  8:23  Overlord x2  
  121  8:29  Zergling x8  
  121  8:30  Zergling x10  
  130  8:43  Hydralisk x4  
  138  8:48  Baneling  
  138  8:49  Baneling x17  
  138  8:52  Hydralisk  
  140  9:00  Hatchery  
  139  9:04  Hydralisk x2  
  139  9:05  Hydralisk  
  143  9:17  Hydralisk  
  143  9:20  Nydus Canal  
  145  9:35  Nydus Canal  
  144  9:38  Queen  
  144  9:41  Overlord  
  144  9:42  Overlord x4  
  145  9:53  Nydus Canal  
  145  9:59  Queen x2, Hydralisk x2  
  145  10:00  Hydralisk x2  
  145  10:01  Infestation Pit  
  145  10:05  Overlord x2  
  156  10:07  Hydralisk  
  156  10:08  Hydralisk  
  156  10:14  Queen  
  160  10:21  Hydralisk x5  
  162  10:26  Nydus Canal  
  172  10:35  Queen  
  155  10:37  Hydralisk x2  
Tags
 
Add a new tag
Caveats
  • Supply blocks, unpowered buildings, or Contaminate may cause inaccurate times.
  • Supply counts are checked every 10 seconds.